TOP OF THE 1ST |
Detroit Renaissance batting - Pitching for Rocky Mountain Nuggets : LHP Alfonso Zapata
|
Pitching: LHP Alfonso Zapata
|
|
Batting: RHB Kyle Bywaters
|
0-0: SINGLE (Line Drive, 56)
|
Batting: LHB Greg Robinson
|
0-0: Grounds into double play, 6-4-3 (Groundball, 6M)
|
Batting: RHB Lonnie Conrad
|
0-0: Ball 1-0: Swinging Strike 1-1: Foul Ball, location: 2F 1-2: SINGLE (Groundball, 5L)
|
Batting: LHB Juan González
|
0-0: Swinging Strike 0-1: Fly out, F8 (Flyball, 8LD)
|
Top of the 1st over - 0 run(s), 2 hit(s), 0 error(s), 1 left on base; Detroit 0 - Rocky Mountain 0 |
BOTTOM OF THE 1ST |
Rocky Mountain Nuggets batting - Pitching for Detroit Renaissance : RHP Domingo Ramírez
|
Pitching: RHP Domingo Ramírez
|
|
Batting: RHB Mark Melton
|
0-0: Foul Ball, location: 2F 0-1: Ball 1-1: Swinging Strike 1-2: Foul Ball, location: 2F 1-2: Ball 2-2: Foul Ball, location: 2F 2-2: Foul Ball, location: 2F 2-2: Foul Ball, location: 2F 2-2: Ball 3-2: Foul Ball, location: 2F 3-2: Base on Balls
|
Batting: RHB Iván Vega
|
0-0: Ball 1-0: Foul Ball, location: 2F 1-1: Foul Ball, location: 2F 1-2: Strikes out looking
|
Batting: LHB Juan Ríos
|
0-0: Called Strike 0-1: DOUBLE (Line Drive, 5D) Mark Melton to third
|
Batting: RHB David Verhoeve
|
0-0: Called Strike 0-1: Ball 1-1: Ball 2-1: Foul Ball, location: 2F 2-2: Strikes out swinging
|
Batting: LHB Randy Bowen
|
0-0: Called Strike 0-1: Ball Wild Pitch! Mark Melton scores Juan Ríos to third 1-1: Ball 2-1: Ground out 4-3 (Groundball, 4)
|
Bottom of the 1st over - 1 run(s), 1 hit(s), 0 error(s), 1 left on base; Detroit 0 - Rocky Mountain 1 |
TOP OF THE 2ND |
Detroit Renaissance batting - Pitching for Rocky Mountain Nuggets : LHP Alfonso Zapata
|
Batting: LHB Mike Silver
|
0-0: Called Strike 0-1: Foul Ball, location: 2F 0-2: Foul Ball, location: 2F 0-2: Ball 1-2: Ground out 6-3 (Groundball, 6M)
|
Batting: RHB Nathan Horton
|
0-0: Called Strike 0-1: Called Strike 0-2: Ball 1-2: Fly out, F7 (Flyball, 7LMF)
|
Batting: LHB Gregory Johnson
|
0-0: Called Strike 0-1: Called Strike 0-2: Ball 1-2: Ball 2-2: Ball 3-2: Base on Balls
|
Batting: RHB Lawrence Bell
|
0-0: Ball 1-0: Called Strike 1-1: Foul Ball, location: 2F 1-2: Fly out, F3 (Popup, 3S)
|
Top of the 2nd over - 0 run(s), 0 hit(s), 0 error(s), 1 left on base; Detroit 0 - Rocky Mountain 1 |
BOTTOM OF THE 2ND |
Rocky Mountain Nuggets batting - Pitching for Detroit Renaissance : RHP Domingo Ramírez
|
Batting: LHB Javier Sánchez
|
0-0: Ball 1-0: Called Strike 1-1: Swinging Strike 1-2: Ball 2-2: Foul Ball, location: 2F 2-2: Foul Ball, location: 2F 2-2: SINGLE (Flyball, 8RS) - OUT at second base trying to stretch hit.
|
Batting: RHB Michael Riley
|
0-0: Called Strike 0-1: Ball 1-1: Foul Ball, location: 2F 1-2: Strikes out swinging
|
Batting: SHB Jorge Colomo
|
0-0: Ball 1-0: Called Strike 1-1: Foul Ball, location: 2F 1-2: Ball 2-2: Ball 3-2: Strikes out looking
|
Bottom of the 2nd over - 0 run(s), 1 hit(s), 0 error(s), 0 left on base; Detroit 0 - Rocky Mountain 1 |
TOP OF THE 3RD |
Detroit Renaissance batting - Pitching for Rocky Mountain Nuggets : LHP Alfonso Zapata
|
Batting: RHB Eric D'Angle
|
0-0: Swinging Strike 0-1: Ground out 6-3 (Groundball, 6)
|
Batting: RHB Kyle Bywaters
|
0-0: Called Strike 0-1: Ground out 5-3 (Groundball, 56S)
|
Batting: LHB Greg Robinson
|
0-0: Foul Ball, location: 2F 0-1: Foul Ball, location: 2F 0-2: Ball 1-2: Ball 2-2: Foul Ball, location: 2F 2-2: Strikes out swinging
|
Top of the 3rd over - 0 run(s), 0 hit(s), 0 error(s), 0 left on base; Detroit 0 - Rocky Mountain 1 |
BOTTOM OF THE 3RD |
Rocky Mountain Nuggets batting - Pitching for Detroit Renaissance : RHP Domingo Ramírez
|
Batting: RHB Juan Ávila
|
0-0: Ball 1-0: Swinging Strike 1-1: SINGLE (Line Drive, 56)
|
Batting: RHB Mark Melton
|
0-0: Called Strike 0-1: Foul Ball, location: 2F 0-2: Ball 1-2: Strikes out swinging
|
Batting: RHB Iván Vega
|
0-0: Ball 1-0: Ball 2-0: Grounds into double play, U6-3 (Groundball, 6M)
|
Bottom of the 3rd over - 0 run(s), 1 hit(s), 0 error(s), 0 left on base; Detroit 0 - Rocky Mountain 1 |
TOP OF THE 4TH |
Detroit Renaissance batting - Pitching for Rocky Mountain Nuggets : LHP Alfonso Zapata
|
Batting: RHB Lonnie Conrad
|
0-0: Called Strike 0-1: Swinging Strike 0-2: Ball 1-2: SOLO HOME RUN (Flyball, 8LXD), Distance : 438 ft
|
Batting: LHB Juan González
|
0-0: Called Strike 0-1: Swinging Strike 0-2: Ball 1-2: Ball 2-2: Foul Ball, location: 2F 2-2: Ground out U3 (Groundball, 3)
|
Batting: LHB Mike Silver
|
0-0: Swinging Strike 0-1: Ball 1-1: Ground out U3 (Groundball, 3S)
|
Batting: RHB Nathan Horton
|
0-0: Ball 1-0: Called Strike 1-1: Ball 2-1: Called Strike 2-2: Ball 3-2: Strikes out looking
|
Top of the 4th over - 1 run(s), 1 hit(s), 0 error(s), 0 left on base; Detroit 1 - Rocky Mountain 1 |
BOTTOM OF THE 4TH |
Rocky Mountain Nuggets batting - Pitching for Detroit Renaissance : RHP Domingo Ramírez
|
Batting: LHB Juan Ríos
|
0-0: Called Strike 0-1: Ball 1-1: Swinging Strike 1-2: Foul Ball, location: 2F 1-2: Foul Ball, location: 2F 1-2: Foul Ball, location: 2F 1-2: Ball 2-2: Strikes out swinging
|
Batting: RHB David Verhoeve
|
0-0: Ball 1-0: Foul Ball, location: 2F 1-1: Swinging Strike 1-2: Strikes out swinging
|
Batting: LHB Randy Bowen
|
0-0: Swinging Strike 0-1: Foul Ball, location: 2F 0-2: Foul Ball, location: 2F 0-2: Strikes out looking
|
Bottom of the 4th over - 0 run(s), 0 hit(s), 0 error(s), 0 left on base; Detroit 1 - Rocky Mountain 1 |
TOP OF THE 5TH |
Detroit Renaissance batting - Pitching for Rocky Mountain Nuggets : LHP Alfonso Zapata
|
Batting: LHB Gregory Johnson
|
0-0: Fly out, F8 (Flyball, 8RM)
|
Batting: RHB Lawrence Bell
|
0-0: Ball 1-0: Ball 2-0: Fly out, F7 (Line Drive, 7S)
|
Batting: RHB Eric D'Angle
|
0-0: Swinging Strike 0-1: Ball 1-1: Called Strike 1-2: Ball 2-2: Ball 3-2: Foul Ball, location: 2F 3-2: SINGLE (Line Drive, 56D)
|
Batting: RHB Kyle Bywaters
|
0-0: Swinging Strike 0-1: Ground out 5-3 (Groundball, 5S)
|
Top of the 5th over - 0 run(s), 1 hit(s), 0 error(s), 1 left on base; Detroit 1 - Rocky Mountain 1 |
BOTTOM OF THE 5TH |
Rocky Mountain Nuggets batting - Pitching for Detroit Renaissance : RHP Domingo Ramírez
|
Batting: LHB Javier Sánchez
|
0-0: Ball 1-0: Ball 2-0: Called Strike 2-1: SINGLE (Groundball, 3L)
|
Batting: RHB Michael Riley
|
0-0: Ball 1-0: Sac Bunt - play at first, batter OUT! 1-4 Javier Sánchez to second
|
Batting: SHB Jorge Colomo
|
0-0: Ball 1-0: Called Strike 1-1: Foul Ball, location: 2F 1-2: Foul Ball, location: 2F 1-2: Ball 2-2: Ground out U3 (Groundball, 3L) Javier Sánchez to third
|
Batting: RHB Juan Ávila
|
0-0: Fly out, F3 (Popup, 3L)
|
Bottom of the 5th over - 0 run(s), 1 hit(s), 0 error(s), 1 left on base; Detroit 1 - Rocky Mountain 1 |
TOP OF THE 6TH |
Detroit Renaissance batting - Pitching for Rocky Mountain Nuggets : LHP Alfonso Zapata
|
Batting: LHB Greg Robinson
|
0-0: Foul Ball, location: 2F 0-1: Called Strike 0-2: Strikes out swinging
|
Batting: RHB Lonnie Conrad
|
0-0: Called Strike 0-1: Called Strike 0-2: Foul Ball, location: 2F 0-2: Strikes out swinging
|
Batting: LHB Juan González
|
0-0: Called Strike 0-1: Foul Ball, location: 2F 0-2: Ball 1-2: Ball 2-2: SOLO HOME RUN (Flyball, 89XD), Distance : 411 ft
|
Batting: LHB Mike Silver
|
0-0: Ground out 6-3 (Groundball, 6M)
|
Top of the 6th over - 1 run(s), 1 hit(s), 0 error(s), 0 left on base; Detroit 2 - Rocky Mountain 1 |
BOTTOM OF THE 6TH |
Rocky Mountain Nuggets batting - Pitching for Detroit Renaissance : RHP Domingo Ramírez
|
Batting: RHB Mark Melton
|
0-0: Ball 1-0: Foul Ball, location: 2F 1-1: Called Strike 1-2: Foul Ball, location: 2F 1-2: Ball 2-2: Foul Ball, location: 2F 2-2: Foul Ball, location: 2F 2-2: Ball 3-2: Ground out 5-3 (Groundball, 5S)
|
Batting: RHB Iván Vega
|
0-0: Ball 1-0: Ground out 6-3 (Groundball, 6M)
|
Batting: LHB Juan Ríos
|
0-0: Called Strike 0-1: Swinging Strike 0-2: Ball 1-2: Foul Ball, location: 2F 1-2: Ball 2-2: Fly out, F8 (Flyball, 8RS)
|
Bottom of the 6th over - 0 run(s), 0 hit(s), 0 error(s), 0 left on base; Detroit 2 - Rocky Mountain 1 |
TOP OF THE 7TH |
Detroit Renaissance batting - Pitching for Rocky Mountain Nuggets : LHP Alfonso Zapata
|
Batting: RHB Nathan Horton
|
0-0: DOUBLE (Flyball, 9D)
|
Pinch Hitting: RHB Bernardo Herrera
|
0-0: Intentional Walk
|
Batting: RHB Lawrence Bell
|
0-0: Called Strike 0-1: Fly out, F7 (Flyball, 78XD) Runner from 2nd tags up, SAFE at 3rd, no throw
|
Batting: RHB Eric D'Angle
|
0-0: Ball 1-0: Called Strike Bernardo Herrera is caught stealing 2nd base 1-1: Fly out, F9 (Flyball, 9LM)
|
Top of the 7th over - 0 run(s), 1 hit(s), 0 error(s), 1 left on base; Detroit 2 - Rocky Mountain 1 |
BOTTOM OF THE 7TH |
Rocky Mountain Nuggets batting - Pitching for Detroit Renaissance : RHP Domingo Ramírez
|
Now at 3B: Harry Fuller
|
|
Batting: RHB David Verhoeve
|
0-0: Ball 1-0: DOUBLE (Line Drive, 7D)
|
Batting: LHB Randy Bowen
|
0-0: Called Strike 0-1: Ball 1-1: Swinging Strike 1-2: Strikes out looking
|
Batting: LHB Javier Sánchez
|
0-0: Called Strike 0-1: Fly out, F4 (Popup, 4D)
|
Batting: RHB Michael Riley
|
0-0: Ball 1-0: Ball 2-0: Ball 3-0: Base on Balls
|
Pitching: RHP Jack Carr
|
|
Batting: SHB Jorge Colomo
|
0-0: Ball 1-0: Ball 2-0: Foul Ball, location: 2F 2-1: Ball 3-1: Called Strike 3-2: Ground out 4-3 (Groundball, 4)
|
Bottom of the 7th over - 0 run(s), 1 hit(s), 0 error(s), 2 left on base; Detroit 2 - Rocky Mountain 1 |
TOP OF THE 8TH |
Detroit Renaissance batting - Pitching for Rocky Mountain Nuggets : LHP Alfonso Zapata
|
Batting: RHB Kyle Bywaters
|
0-0: Ball 1-0: Called Strike 1-1: Called Strike 1-2: Ball 2-2: Ball 3-2: Strikes out swinging
|
Batting: LHB Greg Robinson
|
0-0: Ball 1-0: Foul Ball, location: 2F 1-1: Ground out 1-3 (Groundball, 13)
|
Batting: RHB Lonnie Conrad
|
0-0: Called Strike 0-1: Ball 1-1: Swinging Strike 1-2: Ball 2-2: Ball 3-2: Strikes out swinging
|
Top of the 8th over - 0 run(s), 0 hit(s), 0 error(s), 0 left on base; Detroit 2 - Rocky Mountain 1 |
BOTTOM OF THE 8TH |
Rocky Mountain Nuggets batting - Pitching for Detroit Renaissance : RHP Jack Carr
|
Batting: RHB Juan Ávila
|
0-0: Called Strike 0-1: Fly out, F8 (Flyball, 8RXD)
|
Batting: RHB Mark Melton
|
0-0: Ball 1-0: Foul Ball, location: 2F 1-1: Called Strike 1-2: Ball 2-2: Fly out, F8 (Flyball, 8LM)
|
Batting: RHB Iván Vega
|
0-0: Ground out 5-3 (Groundball, 56S)
|
Bottom of the 8th over - 0 run(s), 0 hit(s), 0 error(s), 0 left on base; Detroit 2 - Rocky Mountain 1 |
TOP OF THE 9TH |
Detroit Renaissance batting - Pitching for Rocky Mountain Nuggets : LHP Alfonso Zapata
|
Batting: LHB Juan González
|
0-0: Foul Ball, location: 2F 0-1: Ball 1-1: Swinging Strike 1-2: Ball 2-2: Foul Ball, location: 2F 2-2: Ground out 6-3 (Groundball, 4M)
|
Batting: LHB Mike Silver
|
0-0: Foul Ball, location: 2F 0-1: Ball 1-1: Ball 2-1: Foul Ball, location: 2F 2-2: Ball 3-2: Fly out, F5 (Line Drive, 56)
|
Batting: RHB Nathan Horton
|
0-0: Ball 1-0: Foul Ball, location: 2F 1-1: Called Strike 1-2: Foul Ball, location: 2F 1-2: SINGLE (Flyball, 6MD)
|
Batting: RHB Harry Fuller
|
0-0: Called Strike 0-1: Ball 1-1: Called Strike 1-2: Ball 2-2: Ground out 1-3 (Groundball, 13)
|
Top of the 9th over - 0 run(s), 1 hit(s), 0 error(s), 1 left on base; Detroit 2 - Rocky Mountain 1 |
BOTTOM OF THE 9TH |
Rocky Mountain Nuggets batting - Pitching for Detroit Renaissance : RHP Jack Carr
|
Pitching: LHP José Guerrero
|
|
Now at C: Luis Rodríguez
|
|
Pinch Hitting: RHB Mike Green
|
0-0: SINGLE (Groundball, 6MD)
|
Batting: RHB David Verhoeve
|
0-0: Foul Ball, location: 2F 0-1: Called Strike 0-2: Ball 1-2: Ball 2-2: Ball 3-2: Base on Balls Mike Green to second
|
Pinch Hitting: RHB Paul Smith
|
0-0: Fly out, F3 (Popup, 3F)
|
Batting: LHB Javier Sánchez
|
0-0: Called Strike 0-1: Ball 1-1: Ball 2-1: Foul Ball, location: 2F 2-2: Ball 3-2: Base on Balls Mike Green to third David Verhoeve to second
|
Batting: RHB Michael Riley
|
0-0: Called Strike 0-1: Ball 1-1: Foul Ball, location: 2F 1-2: Ball 2-2: Grounds into fielders choice 6-2 (Groundball, 6) David Verhoeve to third Javier Sánchez to second
|
Batting: SHB Jorge Colomo
|
0-0: Ball 1-0: Fielders Choice at 2nd, U4 (Groundball, 4M)
|
Bottom of the 9th over - 0 run(s), 1 hit(s), 0 error(s), 3 left on base; Detroit 2 - Rocky Mountain 1 |
|